 Dungeon Crawl Stone Soup version 0.23.2 (webtiles) character file.

Game seed: 10005324585300120379

2862 Peloso the Carver (level 9, -1/79 HPs)
             Began as a Minotaur Fighter on Apr 6, 2019.
             Was an Initiate of Okawaru.
             Slain by an orc warrior
             ... wielding a +0 trident
              (6 damage)
             ... on level 6 of the Dungeon.
             The game lasted 00:13:52 (6114 turns).

Peloso the Carver (Minotaur Fighter)                Turns: 6114, Time: 00:13:53

Health: -1/79      AC: 12    Str: 23    XL:     9   Next: 47%
Magic:  8/8        EV:  7    Int:  5    God:    Okawaru [......]
Gold:   321        SH: 12    Dex: 11    Spells: 8/8 levels left

rFire    . . .     SeeInvis .   a - +3 falchion (slice)
rCold    . . .     Gourm    .   c - +1 shield
rNeg     . . .     Faith    .   n - +0 chain mail
rPois    .         Spirit   .   (helmet restricted)
rElec    .         Reflect  .   (no cloak)
rCorr    +         Harm     .   (no gloves)
MR       +....                  w - +0 pair of boots
Stlth    ..........             (no amulet)
HPRegen  0.23/turn              s - ring of resist corrosion
MPRegen  0.11/turn              y - ring of protection from magic

@: no status effects
A: retaliatory headbutt, horns 2
a: Renounce Religion


You were on level 6 of the Dungeon.
You worshipped Okawaru.
Okawaru was noncommittal.
You were very hungry.

You visited 2 branches of the dungeon, and saw 7 of its levels.
You also visited: Ossuary.

You collected 321 gold pieces.

Inventory:

Hand Weapons
 a - a +3 falchion of slicing (weapon)
Missiles
 u - 75 bolts
Armour
 b - a +0 scale mail
 c - a +1 shield (worn)
 n - a +0 chain mail (worn)
 w - a +0 pair of boots (worn)
Jewellery
 s - a ring of resist corrosion (left hand)
 y - a ring of protection from magic (right hand)
 C - an uncursed ring of ice {unknown}
Wands
 p - a wand of random effects (15)
 A - a wand of polymorph (9)
 B - a wand of iceblast (7)
Scrolls
 h - a scroll of fear
 i - 6 scrolls of teleportation
 l - 3 scrolls of enchant armour
 m - 6 scrolls of amnesia
 q - a scroll of fog {unknown}
 r - a scroll of enchant weapon
 x - 7 scrolls of identify {unknown}
 D - a scroll of random uselessness {unknown}
Potions
 d - 2 potions of haste {unknown}
 e - 4 potions of agility {unknown}
 g - a potion of magic {unknown}
 j - a potion of heal wounds {unknown}
 k - 5 potions of curing {unknown}
 o - a potion of brilliance {unknown}
 t - 2 potions of mutation {unknown}
 v - 3 potions of cancellation {unknown}
 z - a potion of flight {unknown}
Comestibles
 f - 12 rations


   Skills:
 + Level 7.2 Fighting
 + Level 10.2 Long Blades
 + Level 8.2 Armour
 + Level 2.2 Dodging
 + Level 0.9 Stealth
 + Level 7.5 Shields


You had 8 spell levels left.
You didn't know any spells.
Your spell library was empty.

Dungeon Overview and Level Annotations

Branches:
Dungeon (6/15)             Temple (1/1) D:6

Altars:
Ashenzari
Cheibriados
Dithmenos
Elyvilon
Fedhas
Gozag
Hepliaklqana
Kikubaaqudgha
Makhleb
Nemelex Xobeh
Okawaru
Qazlal
Trog
Uskayaw
Xom
Yredelemnul
Zin
The Shining One

Shops:
D:4 *

Annotations:
D:5 3 runed translucent doors, Descartes's ghost, novice TrMo; Marnok's ghost, novice DsGl; Tutankhamun's ghost, novice OpTm; ciphuk's ghost, novice GnVM


Innate Abilities, Weirdness & Mutations

You reflexively headbutt those who attack you in melee.
You have a pair of horns on your head.


Message History

You closely miss the orc warrior.
The orc priest calls down the wrath of Beogh upon you.
Beogh smites you! You block the orc priest's attack.
You barely miss the orc priest.
The orc warrior hits you with a +0 trident!
* * * LOW HITPOINT WARNING * * *
A scorpion comes into view.
The orc priest barely misses you. You furiously retaliate!
You headbutt the orc priest. You hit the orc priest.
You headbutt the orc priest.
The orc priest is severely wounded.
The orc warrior hits you with a +0 trident!
* * * LOW HITPOINT WARNING * * *
The orc priest hits you but does no damage.
Your shield and chain mail prevent you from hitting the orc priest.
You headbutt the orc priest.
You kill the orc priest!
Okawaru accepts your kill.
The orc warrior hits you with a +0 trident.
You die...

#####
##....########
##............###
#
#.#######.......##
###.# #...).##
.#.## #)@oo.# ...#
##.##..s... ..##
#..# ..... ...##
##..# .... ...>#
#..## ... ....#
#..# .. ....##
######..# .
.....###......##
..............##


You could see an orc warrior, a scorpion and an orc priest.

Vanquished Creatures
  Pikel (D:5)
  Sigmund (D:5)
  Eustachio (D:5)
  Edmund (D:5)
  A water moccasin (D:6)
  A sky beast (D:5)
  An ice beast (D:5)
  2 slaves (D:5)
  3 ogres
  A centaur (D:6)
  2 elf zombies (Ossuary)
  Blork the orc (D:4)
  A water moccasin zombie (D:6)
  A scorpion (D:6)
  4 wights (D:6)
  2 howler monkeys
  A bullfrog zombie (D:6)
  3 crimson imps
  A centaur zombie (Ossuary)
  2 human zombies (Ossuary)
  7 orc priests
  3 orc wizards
  2 mummies (Ossuary)
  A hound skeleton (D:4)
  14 adders
  An ooze (D:3)
  3 adder zombies
  A worm (D:3)
  3 dart slugs
  6 leopard geckos
  23 orcs
  2 giant cockroaches
  10 goblins
  4 hobgoblins
  7 jackals
  3 quokkas
  2 ball pythons
  3 bats
  2 frilled lizards
  A goblin zombie (Ossuary)
  8 hobgoblin zombies (Ossuary)
  A jackal zombie (Ossuary)
  5 kobolds
  13 kobold zombies (Ossuary)
  5 orc zombies (Ossuary)
  3 rats
  2 rat zombies (Ossuary)
166 creatures vanquished.

Notes
Turn   | Place    | Note
-------+----------+-------------------------------------------
     0 | D:1      | Peloso the Minotaur Fighter began the quest for the Orb.
     0 | D:1      | Reached XP level 1. HP: 19/19 MP: 0/0
   209 | D:1      | Reached XP level 2. HP: 27/27 MP: 1/1
   640 | D:2      | Reached skill level 3 in Long Blades
   662 | D:1      | Reached XP level 3. HP: 10/33 MP: 2/2
  1373 | D:3      | Reached XP level 4. HP: 33/40 MP: 3/3
  1593 | D:2      | Reached skill level 4 in Long Blades
  1902 | D:3      | Reached XP level 5. HP: 40/46 MP: 4/4
  2456 | D:4      | Found a bloodstained altar of Trog.
  2487 | D:4      | Noticed an ogre
  2492 | D:4      | Killed an ogre
  2492 | D:4      | Reached skill level 5 in Long Blades
  2492 | D:4      | Reached skill level 5 in Armour
  2492 | D:4      | Reached skill level 5 in Shields
  2492 | D:4      | Reached XP level 6. HP: 53/53 MP: 5/5
  2572 | D:4      | Found Zin's Purification Station.
  2572 | D:4      | Found a glowing silver altar of Zin.
  2671 | D:4      | Noticed Blork the orc
  2678 | D:4      | Killed Blork the orc
  2678 | D:4      | Reached skill level 1 in Dodging
  2683 | D:4      | Found a sand-covered staircase.
  2692 | Ossuary  | Entered an ossuary
  2867 | Ossuary  | Reached skill level 5 in Fighting
  2867 | Ossuary  | Reached skill level 6 in Long Blades
  2867 | Ossuary  | Reached XP level 7. HP: 58/61 MP: 6/6
  3068 | D:4      | Found a snail-covered altar of Cheibriados.
  3313 | D:5      | Entered Level 5 of the Dungeon
  3324 | D:5      | Reached skill level 7 in Long Blades
  3357 | D:5      | Noticed Sigmund
  3378 | D:5      | Killed Sigmund
  3578 | D:5      | Reached XP level 8. HP: 42/69 MP: 7/7
  3609 | D:5      | Noticed Edmund
  3618 | D:5      | Killed Edmund
  3618 | D:5      | Reached skill level 8 in Long Blades
  4279 | D:5      | Noticed Eustachio
  4280 | D:5      | Noticed Descartes's ghost (novice TrMo)
  4301 | D:5      | Killed Eustachio
  4317 | D:5      | Noticed ciphuk's ghost (novice GnVM)
  4318 | D:5      | Noticed Marnok's ghost (novice DsGl)
  4319 | D:5      | Found a runed translucent gate.
  4319 | D:5      | Noticed Tutankhamun's ghost (novice OpTm)
  4320 | D:5      | Found a runed translucent gate.
  4320 | D:5      | Found a runed translucent gate.
  4438 | D:5      | Noticed Pikel
  4477 | D:5      | Killed Pikel
  4477 | D:5      | Reached skill level 9 in Long Blades
  4477 | D:5      | Reached XP level 9. HP: 56/78 MP: 8/8
  5369 | D:6      | Reached skill level 10 in Long Blades
  5471 | D:6      | Found a staircase to the Ecumenical Temple.
  5480 | Temple   | Entered the Ecumenical Temple
  5516 | Temple   | Became a worshipper of Warmaster Okawaru
  6114 | D:6      | Slain by an orc warrior

Skill      XL: |  1  2  3  4  5  6  7  8  9 |
---------------+----------------------------+-----
Long Blades    | 3 4 5 6 7 9 10 | 10.2
Armour         | 4 5 6 7 8 |  8.2
Fighting       | 4 5 6 7 |  7.2
Shields        | 4 5 6 7 |  7.5
Dodging        | 1 2 |  2.2
Stealth        | |  0.9

Action                   |  1- 3 |  4- 6 |  7- 9 || total
-------------------------+-------+-------+-------++-------
Melee: Long sword        |   101 |   160 |   154 ||   415
       Headbutt          |     7 |    31 |    64 ||   102
       Falchion          |       |       |   119 ||   119
  Use: Potion            |       |     1 |       ||     1
       Scroll            |       |     8 |     1 ||     9
  Eat: Chunk             |     1 |     5 |    10 ||    16
Armor: Scale mail        |    17 |       |       ||    17
       Chain mail        |    64 |    95 |    89 ||   248
Dodge: Dodged            |    36 |    41 |    43 ||   120
Block: Shield            |    62 |   100 |   106 ||   268
       Rpst.: Long sword |     8 |    13 |     3 ||    24
       Falchion          |       |       |     9 ||     9
